 Dungeon Crawl Stone Soup version 0.30.0-16-gbe6223bb7e (webtiles) character file.

Game seed: 7617369645782668538

138265 SnakkuSnakku7 the Brawler (level 17, -1/156 HPs)
             Began as a Ghoul Hexslinger on May 20, 2023.
             Was a Follower of Uskayaw.
             Slain by a bog body (4 damage)
             ... on level 1 of the Swamp.
             The game lasted 00:45:24 (26193 turns).

SnakkuSnakku7 the Brawler (Ghoul Hexslinger)       Turns: 26193, Time: 00:45:25

Health: -1/156     AC: 32    Str: 24    XL:     17   Next: 25%
Magic:  25/25      EV:  7    Int:  6    God:    Uskayaw [*.....]
Gold:   2310       SH: 11    Dex:  9    Spells: 17/18 levels left

rFire   + .          .
                       - Unarmed
rCold   + + +        R - +0 kite shield
rNeg    + + +        M - +4 crystal plate armour
rPois   ∞            e - +0 helmet
rElec   .            o - +2 cloak
rCorr   +            (no gloves)
SInv    .            u - +2 pair of boots
Will    +....        T - amulet of regeneration Stlth
                     S - +5 ring of evasion
HPRegen 0.00/turn    v - ring of Husai {rF+ rC+++ rCorr Str+2 Int-2}
MPRegen 0.19/turn

%: no passive effects
@: grasped by roots, inhibited regen, slowed, constricted, studying 2 skills,
very slow
A: claws 1, cold resistance 1, negative energy resistance 3, inhibited
regeneration, torment resistance 2, devour on kill
a: Renounce Religion, Stomp


You were on level 1 of the Swamp.
You worshipped Uskayaw.
Uskayaw was pleased with you.
You visited 5 branches of the dungeon, and saw 24 of its levels.
You visited the Abyss 2 times.
You also visited: Gauntlet and Ice Cave.

You collected 4052 gold pieces.
You spent 1742 gold pieces at shops.

Inventory:

Missiles
 y - a throwing net (quivered)
Armour
 e - a +0 helmet (worn)
 h - a +2 scale mail of fire resistance
 o - a +2 cloak (worn)
 u - a +2 pair of boots (worn)
 J - a +2 chain mail of fire resistance
 M - a +4 crystal plate armour (worn)
 R - a +0 kite shield (worn)
Jewellery
 k - a ring of willpower
 s - a ring of see invisible
 v - the ring of Husai (right claw) {rF+ rC+++ rCorr Str+2 Int-2}
   (You acquired it on level 12 of the Dungeon)

   [ring of protection from fire]

   Str:       It affects your strength (+2).
   Int:       It affects your intelligence (-2).
   rF:        It protects you from fire.
   rC:        It renders you almost immune to cold.
   rCorr:     It protects you from acid and corrosion.
 A - the ring "Reblunaf" {Wiz rElec rPois Stlth-}
   (You acquired it on level 1 of the Lair of Beasts)

   [ring of wizardry]

   It improves your spell success rate.
   rElec:     It insulates you from electricity.
   rPois:     It protects you from poison.
   Stlth:     It makes you less stealthy.
 H - a ring of fire
 L - the ring of Cysooh {Fly Int+4}
   (You found it in an ice cave)

   [ring of flight]

   Int:       It affects your intelligence (+4).
   Fly:       It grants you flight.
 S - a +5 ring of evasion (left claw)
 T - an amulet of regeneration (around neck)
Wands
 a - a wand of paralysis (13)
 i - a wand of light (14)
 w - a wand of polymorph (12)
 B - a wand of flame (137)
 E - a wand of mindburst (24)
 K - a wand of iceblast (1)
Scrolls
 b - 6 scrolls of poison
 d - 6 scrolls of vulnerability
 f - 5 scrolls of blinking
 g - 4 scrolls of teleportation
 j - a scroll of summoning
 n - 3 scrolls of fear
 t - 5 scrolls of fog
 G - 5 scrolls of immolation
 N - a scroll of torment
 O - 3 scrolls of silence
 P - 10 scrolls of identify
Potions
 l - 7 potions of curing
 m - 2 potions of invisibility
 p - 3 potions of resistance
 q - 3 potions of brilliance
 r - a potion of ambrosia
 x - 3 potions of attraction
 z - 3 potions of haste
 F - 7 potions of might
 I - a potion of flight
 U - a potion of magic {unknown}
Miscellaneous
 c - a phial of floods
 C - a tin of tremorstones (2/2)
 D - a lightning rod (4/4)
 Q - a phantom mirror


   Skills:
 + Level 15.2 Fighting
 - Level 1.7 Ranged Weapons
 - Level 10.0 Armour
 - Level 4.9 Dodging
 - Level 12.0 Shields
 - Level 20.0 Unarmed Combat
 - Level 1.0 Spellcasting
 - Level 2.4 Hexes
 - Level 12.0 Invocations


You had 17 spell levels left.
You knew the following spells:

 Your Spells              Type           Power      Damage    Failure   Level
a - Slow                  Hex            12%        N/A       100%        1

Your spell library contained the following spells:

 Spells                   Type           Power      Damage    Failure   Level
 Apportation              Tloc           0%         N/A       100%        1
 Kiss of Death            Conj/Necr      0%         2d5       100%        1
 Shock                    Conj/Air       0%         1d3       100%        1
 Cigotuvi's Dreadful Rot  Necr/Pois/Air  0%         N/A       100%        2
 Ensorcelled Hibernation  Hex/Ice        2%         N/A       100%        2
 Static Discharge         Conj/Air       0%         2-2/arc   100%        2
 Confusing Touch          Hex            3%         N/A       100%        3
 Ignite Poison            Fire/Tmut/Pois 0%         N/A       100%        3
 Inner Flame              Hex/Fire       1%         N/A       100%        3
 Portal Projectile        Hex/Tloc       2%         N/A       100%        3
 Stone Arrow              Conj/Erth      0%         3d7       100%        3
 Swiftness                Air            0%         N/A       100%        3
 Airstrike                Air            0%         2d(0-16)  100%        4
 Anguish                  Hex/Necr       0%         N/A       100%        4
 Animate Armour           Summ/Erth      0%         N/A       100%        4
 Cause Fear               Hex            1%         N/A       100%        4
 Dispel Undead            Necr           0%         3d6       100%        4
 Leda's Liquefaction      Hex/Erth       0%         N/A       100%        4
 Olgreb's Toxic Radiance  Pois           0%         N/A       100%        4
 Petrify                  Tmut/Erth      0%         N/A       100%        4
 Summon Ice Beast         Ice/Summ       0%         N/A       100%        4
 Freezing Cloud           Conj/Ice/Air   0%         6-21      100%        5
 Summon Forest            Summ/Tloc      0%         N/A       100%        5
 Summon Mana Viper        Hex/Summ       1%         N/A       100%        5
 Iron Shot                Conj/Erth      0%         9d1       100%        6
 Monstrous Menagerie      Summ           0%         N/A       100%        7
 Discord                  Hex            1%         N/A       100%        8
 Ignition                 Fire           0%         3d3       100%        8
 Lehudib's Crystal Spear  Conj/Erth      0%         10d2      100%        8
 Spider Form              Tmut/Pois      Unusable   N/A       N/A         3

Dungeon Overview and Level Annotations

Branches:
Dungeon (15/15)            Temple (1/1) D:4            Lair (5/5) D:10
  Swamp (1/4) Lair:2       Spider (0/4) Lair:2        Slime (0/5) Lair:4
    Orc (2/2) D:10            Elf (0/3) Orc:2        Vaults (0/5) D:14
 Depths (0/4) D:15          IceCv (visited)         Gauntlet (visited)

Altars:
Ashenzari
Cheibriados
Dithmenos
Fedhas
Gozag
Hepliaklqana
Kikubaaqudgha
Makhleb
Nemelex Xobeh
Okawaru
Qazlal
Ru
Sif Muna
Trog
Uskayaw
Vehumet
Wu Jian
Xom
Yredelemnul
Jiyva

Shops:
D:3 [   D:12 (   D:13 *   Orc:2 ?=?(!

Portals:
Pandemonium: Orc:2

Annotations:
D:14 Roxanne
Lair:2 2 exclusions
Lair:5 exclusion: obsidian statue


Innate Abilities, Weirdness & Mutations

You are immune to poison.
You have sharp fingernails.
Your flesh is cold resistant. (rC+)
You are immune to negative energy. (rN+++)
You do not regenerate when monsters are visible.
You are immune to unholy pain and torment.
You thrive by killing the living.


Message History

Unknown command.
You escape the roots grasp.
The will-o-the-wisp gestures.
The will-o-the-wisp conjures some foxfire!
You block the necrophage's attack. The ghoul claws you but does no damage.
You block the ghoul's attack.
You block the shambling mangrove's attack.
You block the necrophage's attack.
The ghoul claws you but does no damage. x2
The tyrant leech bites you.
The shambling mangrove is engulfed in a cloud of scalding steam.
Roots burst forth from the earth!
The grasping roots grab you! The grasping roots constrict you.
The will-o-the-wisp gestures.
The will-o-the-wisp conjures some foxfire! 4 foxfires come into view.
Unknown command.
The roots grasp on you weakens, but your attempt to escape fails.
The foxfire hits you. You resist. The bog body touches you!
* * * LOW HITPOINT WARNING * * *
The bog body freezes you. You resist.
* * * LOW HITPOINT WARNING * * *
The ghoul claws you.
* * * LOW HITPOINT WARNING * * *
The ghoul claws you.
* * * LOW HITPOINT WARNING * * *
The necrophage hits you.
* * * LOW HITPOINT WARNING * * *
The tyrant leech bites you!
* * * LOW HITPOINT WARNING * * *
An alligator comes into view.
The shambling mangrove hits you but does no damage.
The grasping roots constrict you.
* * * LOW HITPOINT WARNING * * *
You block the ghoul's attack. x2
The necrophage hits you but does no damage.
The bog body touches you.
* * * LOW HITPOINT WARNING * * *
The bog body freezes you. You resist.
You die...

♣♣♣
...♣♣♣♣♣♣♣♣♣
~~~.~.~...♣♣ ♣
~~..~~).§..♣~♣♣
♣~..~§§§~..~♣♣
♣~..§vv§§~~.~.
♣♣...nnwv~~~..~
♣~~~.<@fv~§..♣.
♣♣~~†n.n~~~.~♣
♣♣♣~♣§§~~~~?.♣
§.§♣.~..~~.^.
♣♣..♣♣♣♣.~~~..
♣♣~ t~~~~~ ..
.§~~~~ nn ♣..~


You could see a ghoul, a shambling mangrove, an alligator (wandering), a tyrant
leech, a will-o-the-wisp, a bog body and 2 necrophages.

Vanquished Creatures
  Rupert (Lair:4)
  A draconian knight (IceCv)
  A fire giant (D:14)
  An orc warlord (Orc:1)
  4 very ugly things
  The ghost of Afrar the Peltast, a journeyman FoFi of Okawaru (D:12)
  4 white draconians (IceCv)
  3 dire elephants (Lair:5)
  A minotaur (Gauntlet)
  An entropy weaver (shapeshifter) (D:14)
  A yaktaur captain (D:14)
  3 demonspawn (Orc:2)
  4 hydras
  A death knight (D:15)
  A catoblepas (Lair:4)
  2 ghost crabs (Lair:2)
  9 death yaks
  5 two-headed ogres
  2 boulder beetles
  2 thrashing horrors (Abyss:3)
  4 centaur warriors
  2 orc high priests
  Sonja (D:12)
  Urug (D:10)
  2 spectral dire elephants (Lair:5)
  Amaemon (D:8)
  A wretched star (Abyss:3)
  3 spectral death yaks (Lair:5)
  A deep elf knight (D:14)
  A shadow wraith (Abyss:3)
  2 skysharks
  A sixfirhy (Abyss:3)
  A spatial maelstrom (Abyss:3)
  A spectral anaconda (Lair:5)
  7 wizards
  An obsidian statue (Gauntlet)
  9 orc knights
  5 deep elf pyromancers
  4 deep elf zephyrmancers
  An orange crystal statue (IceCv)
  4 necromancers
  13 orc sorcerers
  A wolf spider zombie (D:12)
  5 manticores
  2 cyclopes
  5 spectral centaurs (D:12)
  13 ugly things
  27 elephants
  A dire elephant zombie (Lair:5)
  A black mamba (Lair:3)
  Joseph (D:10)
  An orange demon (D:9)
  A centaur zombie (D:12)
  8 cane toads
  2 ice statues (D:14)
  5 storm dragon simulacra (IceCv)
  2 cane toads (shapeshifter)
  2 gargoyles (D:12)
  2 rime drakes
  An unseen horror (shapeshifter) (D:14)
  12 komodo dragons
  3 yaktaurs (D:14)
  A kobold demonologist (D:11)
  A spectral skyshark (Lair:2)
  2 ice devils
  A redback zombie (D:15)
  7 golden dragon simulacra (IceCv)
  4 starcursed masses (Abyss:3)
  6 trolls
  3 hornets (Lair:3)
  2 polar bears (Lair:5)
  A hellwing (Orc:2)
  40 blink frogs
  3 spectral elephants (Lair:5)
  Sigmund (D:3)
  5 dream sheep (Lair:4)
  A centaur simulacrum (D:12)
  17 slime creatures
  A ynoxinul (Orc:2)
  4 vampires
  A yak (shapeshifter) (D:14)
  6 wyverns
  12 spriggans (Lair:3)
  5 water elementals
  A wraith (D:11)
  40 yaks
  A shadow (D:11)
  5 basilisks
  A spectral komodo dragon (Lair:2)
  A death yak simulacrum (Lair:5)
  5 vampire mosquitoes
  A swamp worm (Swamp:1)
  A warg (Orc:1)
  An acid dragon (Gauntlet)
  Duvessa (D:7)
  2 spectral cane toads (Lair:5)
  11 water moccasins
  2 ice beasts
  3 large abominations (Abyss:3)
  2 hornet zombies
  2 black bears
  A sky beast (D:7)
  2 elephant zombies (Lair:5)
  6 ice dragon simulacra (IceCv)
  41 orc warriors
  7 ogres
  6 wolves (Lair:5)
  4 boggarts
  A phantom (D:6)
  13 centaurs
  5 kobold brigands
  14 bullfrogs
  2 earth elementals (Abyss:3)
  A gnoll sergeant (D:6)
  A cane toad simulacrum (Lair:5)
  4 scorpions
  Dowan (D:7)
  7 killer bees
  3 lindwurm simulacra (IceCv)
  An elephant simulacrum (Lair:5)
  3 howler monkeys
  3 electric eels
  30 orc priests
  A hound (D:5)
  4 jellies
  5 iguanas
  A boggart zombie (D:15)
  Natasha (twice) (D:3)
  24 orc wizards
  Ijyb (D:5)
  5 hell rats (Lair:4)
  A boggart simulacrum (D:12)
  2 adders
  12 gnolls
  2 shadow imps
  7 white imps
  2 ufetubi
  The ghost of bakla the Sneak, a weakling DrDe (D:4)
  2 dart slugs
  88 orcs
  4 bats
  12 endoplasms
  2 giant cockroaches (D:1)
  8 goblins
  7 hobgoblins
  7 jackals
  28 kobolds
  6 quokkas
  6 ball pythons
  7 rats
816 creatures vanquished.

Vanquished Creatures (collateral kills)
  2 killer bees (D:10)
2 creatures vanquished.

Vanquished Creatures (others)
  A white draconian (IceCv)
  A wraith (D:14)
  An orc warrior (D:14)
  An orc wizard (Orc:1)
  7 foxfires (Swamp:1)
11 creatures vanquished.

Grand Total: 829 creatures vanquished

Notes
Turn   | Place    | Note
-------+----------+-------------------------------------------
     0 | D:1      | SnakkuSnakku7 the Ghoul Hexslinger began the quest for the
                  | Orb.
     0 | D:1      | Reached XP level 1. HP: 16/16 MP: 1/1
   126 | D:1      | Reached skill level 1 in Unarmed Combat
   126 | D:1      | Reached XP level 2. HP: 22/24 MP: 2/2
   523 | D:1      | Reached XP level 3. HP: 30/30 MP: 3/3
   551 | D:1      | Reached skill level 2 in Unarmed Combat
  1277 | D:3      | Reached XP level 4. HP: 37/37 MP: 4/4
  1313 | D:3      | Noticed Natasha
  1323 | D:3      | Killed Natasha
  1324 | D:3      | Reached skill level 3 in Unarmed Combat
  1557 | D:3      | Found an iron altar of Okawaru.
  1572 | D:3      | Found an ancient bone altar of Kikubaaqudgha.
  1578 | D:3      | Noticed Sigmund
  1586 | D:3      | Killed Sigmund
  1587 | D:3      | Reached skill level 4 in Unarmed Combat
  1587 | D:3      | Reached XP level 5. HP: 47/47 MP: 5/5
  1587 | D:3      | Reached XP level 6. HP: 53/53 MP: 6/6
  1589 | D:3      | Found Rynoi's Armour Shoppe.
  1593 | D:3      | Bought a +0 buckler for 54 gold pieces
  1727 | D:3      | Noticed Natasha
  1745 | D:3      | Killed Natasha
  1910 | D:4      | Reached skill level 1 in Shields
  1978 | D:4      | Found a runed translucent door.
  1979 | D:4      | Noticed bakla's ghost (weakling DrDe)
  1999 | D:4      | Killed bakla's ghost
  2167 | D:4      | Found a staircase to the Ecumenical Temple.
  2170 | D:4      | Reached skill level 5 in Unarmed Combat
  2180 | Temple   | Entered the Ecumenical Temple
  2476 | D:4      | Found a burning altar of Makhleb.
  2671 | D:5      | Entered Level 5 of the Dungeon
  2678 | D:5      | Reached XP level 7. HP: 52/60 MP: 7/7
  2838 | D:5      | Noticed a yak
  2838 | D:5      | Noticed a yak
  2839 | D:5      | Noticed a yak
  2984 | D:5      | Reached skill level 6 in Unarmed Combat
  3069 | D:5      | Reached XP level 8. HP: 38/67 MP: 8/8
  3198 | D:5      | Found a hide-covered altar of Uskayaw.
  3216 | D:5      | Became a worshipper of Uskayaw the Reveller
  3272 | D:5      | Reached * piety under Uskayaw
  3283 | D:5      | Reached ** piety under Uskayaw
  3292 | D:5      | Reached skill level 7 in Unarmed Combat
  3449 | D:5      | Killed a yak
  3449 | D:5      | Reached *** piety under Uskayaw
  3455 | D:5      | Noticed Ijyb
  3613 | D:5      | Killed Ijyb
  3667 | D:5      | Reached skill level 8 in Unarmed Combat
  4088 | D:6      | Reached skill level 9 in Unarmed Combat
  4155 | D:5      | Killed a yak
  4158 | D:5      | Reached **** piety under Uskayaw
  4162 | D:5      | Reached ***** piety under Uskayaw
  4165 | D:5      | Killed a yak
  4166 | D:5      | Reached skill level 10 in Unarmed Combat
  4166 | D:5      | Reached XP level 9. HP: 20/72 MP: 9/9
  4516 | D:6      | Reached skill level 11 in Unarmed Combat
  4530 | D:6      | Reached skill level 12 in Unarmed Combat
  5441 | D:7      | Found a stormy altar of Qazlal.
  5461 | D:7      | Reached skill level 13 in Unarmed Combat
  5475 | D:7      | Reached XP level 10. HP: 69/80 MP: 10/10
  5659 | D:7      | Noticed Duvessa
  5659 | D:7      | Noticed Dowan
  5675 | D:7      | Killed Duvessa
  5678 | D:7      | Killed Dowan
  6121 | D:8      | Found a broken altar of Ashenzari.
  6137 | D:8      | Reached skill level 14 in Unarmed Combat
  6582 | D:8      | Reached ****** piety under Uskayaw
  6694 | D:9      | Noticed Amaemon
  6695 | D:9      | Noticed an orange demon
  6697 | D:9      | Noticed a boulder beetle
  6752 | D:9      | Reached skill level 15 in Unarmed Combat
  6890 | D:9      | Reached skill level 5 in Fighting
  7177 | D:8      | Killed Amaemon
  7339 | D:9      | Killed an orange demon
  7388 | D:8      | HP: 3/86 [boulder beetle (7)]
  7391 | D:8      | Killed a boulder beetle
  7392 | D:8      | Reached XP level 11. HP: 39/95 MP: 1/11
  7523 | D:9      | Noticed a two-headed ogre
  7534 | D:9      | Killed a two-headed ogre
  7727 | D:10     | Entered Level 10 of the Dungeon
  7761 | D:10     | Identified a scroll of acquirement
  7762 | D:10     | Noticed Urug
  7773 | D:10     | Killed Urug
  7790 | D:10     | Reached skill level 10 in Fighting
  8037 | D:10     | Noticed Joseph
  8049 | D:10     | Killed Joseph
  8147 | D:10     | Found a staircase to the Lair.
  8170 | D:10     | Found a staircase to the Orcish Mines.
  8603 | Lair:1   | Entered Level 1 of the Lair of Beasts
  8807 | Lair:1   | Reached skill level 1 in Invocations
  8868 | Lair:1   | Acquired 1042 gold pieces
  8870 | Lair:1   | Acquired the ring "Reblunaf" {Wiz rElec rPois Stlth-}
  9026 | Lair:1   | HP: 3/104 [cane toad (15)]
  9364 | Lair:1   | Reached skill level 5 in Invocations
  9364 | Lair:1   | Reached XP level 12. HP: 112/112 MP: 14/14
  9381 | Lair:1   | Reached skill level 1 in Armour
  9560 | Lair:1   | Identified the +2 leather armour "Diop" {+Inv Stlth+}
 10004 | Lair:2   | Reached skill level 5 in Armour
 10359 | Lair:2   | Found a hole to the Spider Nest.
 10386 | Lair:2   | Noticed a death yak
 10386 | Lair:2   | Noticed a death yak
 10392 | Lair:2   | Noticed a death yak
 10392 | Lair:2   | Noticed a death yak
 10393 | Lair:2   | Noticed a death yak
 10393 | Lair:2   | Noticed a death yak
 10403 | Lair:1   | Killed a death yak
 10520 | Lair:1   | Killed a death yak
 10712 | Lair:1   | Killed a death yak
 10817 | Lair:1   | Killed a death yak
 10933 | Lair:2   | Killed a death yak
 10948 | Lair:2   | Killed a death yak
 11357 | Lair:2   | Found a staircase to the Swamp.
 11357 | Lair:2   | Noticed a ghost crab
 11357 | Lair:2   | Noticed a ghost crab
 11411 | Lair:2   | Killed a ghost crab
 11462 | Lair:2   | Killed a ghost crab
 11775 | Lair:3   | Found a shimmering altar of Xom.
 11823 | Lair:3   | Reached XP level 13. HP: 113/118 MP: 15/15
 11968 | Lair:3   | Reached skill level 10 in Armour
 13249 | Lair:4   | Found a viscous altar of Jiyva.
 13256 | Lair:4   | Found a staircase to the Slime Pits.
 13334 | Lair:4   | Reached skill level 10 in Invocations
 13539 | Lair:4   | Identified the +2 spear of the Kissing Butterfly {holy, rC+
                  | MP+9 Str+2}
 13632 | Lair:4   | Reached XP level 14. HP: 35/126 MP: 22/22
 13754 | Lair:4   | Noticed Rupert
 13762 | Lair:5   | Entered Level 5 of the Lair of Beasts
 14257 | Lair:5   | Reached skill level 5 in Shields
 14426 | Lair:5   | Noticed a dire elephant
 14426 | Lair:5   | Noticed a dire elephant
 14426 | Lair:5   | Noticed a dire elephant
 15133 | Lair:5   | Killed a dire elephant
 15206 | Lair:5   | Killed a dire elephant
 15241 | Lair:5   | Killed a dire elephant
 15416 | Lair:5   | Got the Grimoire of Non-Euclidean Topomancy
 15845 | Lair:4   | Killed Rupert
 16359 | Lair:4   | Reached skill level 10 in Shields
 16406 | Lair:4   | Reached XP level 15. HP: 104/132 MP: 23/23
 16748 | Orc:1    | Entered Level 1 of the Orcish Mines
 16950 | Orc:1    | Noticed an orc warlord
 16969 | Orc:1    | Killed an orc warlord
 17565 | Orc:2    | Entered Level 2 of the Orcish Mines
 17625 | Orc:2    | Found a gate leading to a gauntlet.
 17632 | Gauntlet | Entered a Gauntlet
 17632 | Gauntlet | Found a transporter.
 17632 | Gauntlet | Found a transporter.
 17634 | Gauntlet | Found a transporter.
 17634 | Gauntlet | Found a transporter.
 17638 | Gauntlet | Found a transporter.
 17638 | Gauntlet | Found a transporter.
 17670 | Gauntlet | Found a transporter.
 17674 | Gauntlet | Found a transporter.
 17682 | Gauntlet | Found a transporter.
 17698 | Gauntlet | Found a transporter.
 17712 | Gauntlet | Found a transporter.
 17716 | Gauntlet | Found a transporter.
 17847 | Gauntlet | Found a runed translucent door.
 17866 | Gauntlet | Upgraded the game from 0.30.0-15-g856e2d3f33 to
                  | 0.30.0-16-gbe6223bb7e
 18168 | Gauntlet | Identified the amulet of Recklessness {Acrobat rF+ Dex+5}
 18242 | Orc:2    | Found Ytokko's Distillery.
 18246 | Orc:2    | Bought a potion of heal wounds for 70 gold pieces
 18246 | Orc:2    | Bought a potion of haste for 140 gold pieces
 18246 | Orc:2    | Bought a potion of might for 56 gold pieces
 18327 | Orc:2    | Found Zagistra's Magic Scroll Shop.
 18375 | Orc:2    | Found Boemoox's Magic Scroll Boutique.
 18428 | Orc:2    | Bought a scroll of fog for 60 gold pieces
 18428 | Orc:2    | Bought 2 scrolls of enchant armour for 225 gold pieces
 18430 | Orc:2    | Bought a scroll of blinking for 120 gold pieces
 18430 | Orc:2    | Bought a scroll of torment for 152 gold pieces
 18430 | Orc:2    | Bought a scroll of fear for 64 gold pieces
 18430 | Orc:2    | Bought a scroll of fog for 64 gold pieces
 18488 | Orc:2    | Paralysed by an orc sorcerer for 5 turns
 18573 | Orc:2    | Reached skill level 16 in Unarmed Combat
 18578 | Orc:2    | HP: 5/132 [orc sorcerer/bolt of fire (11)]
 18747 | Orc:2    | Found Jitze's Antique Weapon Shoppe.
 18747 | Orc:2    | Found Waecwov's Jewellery Emporium.
 18747 | Orc:2    | Found a one-way gate leading to the halls of Pandemonium.
 19315 | Orc:2    | Found a staircase to the Elven Halls.
 20507 | D:12     | Noticed Sonja
 20525 | D:12     | Killed Sonja
 20525 | Abyss:3  | Cast into level 3 of the Abyss (a wizard)
 20584 | Abyss:3  | Reached skill level 17 in Unarmed Combat
 20838 | Abyss:3  | Reached XP level 16. HP: 11/139 MP: 24/24
 20840 | D:12     | Escaped the Abyss
 21574 | D:12     | Acquired the ring of Husai {rF+ rC+++ rCorr Str+2 Int-2}
 21769 | Orc:2    | Bought an amulet of regeneration for 450 gold pieces
 21963 | D:12     | Found a runed translucent gate.
 21963 | D:12     | Found a runed translucent gate.
 21963 | D:12     | Found a runed translucent gate.
 21965 | D:12     | Noticed Afrar's ghost (journeyman FoFi)
 22065 | D:12     | Reached skill level 18 in Unarmed Combat
 22122 | D:12     | Found a shimmering altar of Xom.
 22266 | D:12     | Found Goteg's Weapon Shop.
 22504 | Abyss:3  | Cast into level 3 of the Abyss (a wizard)
 22545 | D:12     | Escaped the Abyss
 22717 | D:12     | Killed Afrar's ghost
 22878 | D:13     | Reached skill level 19 in Unarmed Combat
 22926 | D:13     | Found Keps's Assorted Antiques.
 22929 | D:13     | Bought a scroll of enchant armour for 187 gold pieces
 22929 | D:13     | Bought a potion of might for 100 gold pieces
 23349 | D:14     | Noticed Roxanne
 23368 | D:14     | Found a frozen archway.
 23436 | IceCv    | Entered an ice cave
 23949 | IceCv    | Identified the staff of earth "Bynast" {Str+2}
 23995 | IceCv    | Reached skill level 20 in Unarmed Combat
 24111 | IceCv    | Identified the ring of Cysooh {Fly Int+4}
 24641 | D:14     | Got Olyac's Lessons on the Wyrd and Gusts
 24759 | D:14     | Reached XP level 17. HP: 62/151 MP: 25/25
 24920 | D:14     | Found a gate to the Vaults.
 24971 | D:15     | Entered Level 15 of the Dungeon
 25052 | D:15     | Found a hide-covered altar of Uskayaw.
 25146 | D:15     | Identified the +0 shortbow of the Toadstool {drain, Drain
                  | rC++}
 25801 | D:15     | Reached skill level 15 in Fighting
 25814 | D:15     | Found a staircase to the Depths.
 26180 | Swamp:1  | Entered Level 1 of the Swamp
 26193 | Swamp:1  | HP: 5/156 [constriction (5)]
 26193 | Swamp:1  | Slain by a bog body

Illustrated notes

Levels and vault maps discovered:
D:1:      pf_arrival_petrified_forest, layout_loops_ring, minmay_cupped
D:2:      layout_basic
D:3:      layout_basic, mainiacjoe_overflow_swirl, serial_shops,
          nicolae_shop_peninsula, uniq_sigmund, uniq_natasha
D:4:      layout_cave_pools, mainiacjoe_overflow_alcove_1,
          minmay_temple_entry_arrows, gammafunk_ghost_grave
D:5:      layout_loops_ring, mainiacjoe_overflow_alcove_4,
          amcnicky_mini_pool_medium, uniq_ijyb
D:6:      nicolae_cairo_tiling, layout_basic
D:7:      layout_basic, nicolae_qazlal_style_of_elements, uniq_duvessa
D:8:      layout_rooms, old_standard_altar, tso_metal_star, special_room
          [special_room_orc]
D:9:      layout_basic, st_stairs_8, uniq_amaemon
D:10:     layout_basic, dpeg_oklobed_lair, orc_0_dummy, minmay_crystal_water,
          uniq_joseph, uniq_urug
D:11:     layout_loops_corners
D:12:     minmay_wizard_corner, layout_loops_corners, serial_shops,
          nicolae_shop_bloodbath_and_beyond, gammafunk_ghost_necromancy,
          serial_bayou, serial_bayou_pond_a, serial_bayou_pond_d,
          serial_bayou_shore_b, serial_bayou_ford_a, xom_teletrap_fun,
          uniq_sonja
D:13:     layout_roguey, serial_shops, nicolae_shop_tiny_real_fake_doors
D:14:     kennysheep_bubble_arena, layout_irregular_city,
          hangedman_vaults_entry_quadrant_bands, infiniplex_staircase_zigzag_1,
          portal_ice_cave_entry_ice_statue_two, uniq_roxanne
D:15:     grunt_enter_depths_magical_seal, layout_cave_pods,
          serial_bayou_pond_d, minmay_misc_feat_cross,
          nicolae_uskayaw_murder_on_the_dancefloor
Temple:   hellmonk_temple_of_storms
Lair:1:   layout_loops_ring
Lair:2:   layout_loops_ring, nicolae_swamp_entry_spooky,
          nicolae_spider_entry_orb_guardian
Lair:3:   kb_forest_paths, layout_long_grid, basic_altar, serial_bayou_shore_b
Lair:4:   layout_cave_pods, slime_entry_1, nicolae_lair_grazing_beasts
          [nicolae_sub_lair_graze_edge, nicolae_sub_lair_graze_edge,
          nicolae_sub_lair_graze_edge, nicolae_sub_lair_graze_edge], uniq_rupert
Lair:5:   due_jungle_book, layout_gridlike, serial_bayou_shore_b
Swamp:1:  layout_basic_swamp, ebering_ghost_rock_garden,
          nicolae_swamp_dense_foliage, swamp_pool5, nicolae_swamp_spooky_pond,
          uniq_josephine
Orc:1:    orc_temple, layout_caves, basic_altar
Orc:2:    pf_orc_diabolical, layout_caves, gauntlet_entry_generic, serial_shops,
          nicolae_shop_back_alley_shop

Skill      XL: |  1  2  3  4  5  6  7  8  9 10 11 12 13 14 15 16 17 |
---------------+----------------------------------------------------+-----
Unarmed Combat | 1 2 4 5 6 10 13 15 17 20 | 20.0
Fighting       | 2 4 8 12 13 15 | 15.2
Shields        | 2 3 4 10 12 | 12.0
Invocations    | 5 12 | 12.0
Armour         | 9 10 | 10.0
Dodging        | 2 4 |  4.9
Ranged Weapons | |  1.7
Spellcasting   | |  1.0
Hexes          | |  2.4

Action                     |  1- 3 |  4- 6 |  7- 9 | 10-12 | 13-15 | 16-18 || total
---------------------------+-------+-------+-------+-------+-------+-------++-------
  Melee: Unarmed           |   116 |   164 |   303 |   603 |  1319 |   647 ||  3152
         Punch             |     1 |     1 |       |       |       |       ||     2
         Demon whip        |       |       |       |     6 |       |       ||     6
   Fire: Sling             |    10 |       |       |       |       |       ||    10
  Throw: Dart              |       |       |       |       |     1 |       ||     1
 Invoke: Grand Finale      |       |       |       |       |     4 |     1 ||     5
  Evoke: Wand              |       |       |     3 |     8 |       |    12 ||    23
         Phantom mirror    |       |       |       |       |     1 |       ||     1
         Phial of floods   |       |       |       |       |       |     1 ||     1
    Use: Scroll            |       |       |     8 |    16 |    12 |     8 ||    44
         Potion            |       |       |       |     5 |     5 |     2 ||    12
   Stab: Paralysed         |       |       |    10 |    33 |   119 |    57 ||   219
         Invisible         |       |       |       |     3 |       |       ||     3
 Armour: Chain mail        |    75 |    64 |   149 |    98 |       |       ||   386
         Robe              |     3 |       |       |       |       |       ||     3
         Scale mail        |       |       |       |    68 |       |       ||    68
         Crystal plate arm |       |       |       |     5 |   723 |   466 ||  1194
  Dodge: Dodged            |    45 |    49 |    81 |   163 |   323 |   195 ||   856
  Block: Buckler           |       |    10 |    50 |    90 |    61 |       ||   211
         Kite shield       |       |       |       |       |   445 |   335 ||   780
